[Event "World Prestigious University 2019"]
[Site "Tianjin"]
[Date "2019.11.27"]
[Round "5.17"]
[White "Li, Yankai"]
[Black "Zhong, Wei"]
[Result "1-0"]
[WhiteElo "2432"]
[BlackElo "1804"]
[PlyCount "149"]
[EventDate "2019.11.26"]
[EventType "team-tourn"]
[EventCountry "CHN"]
[TimeControl "1500+10"]
[WhiteClock "0:00:21"]
[BlackClock "0:04:13"]

1. e4 e6 2. d4 d5 3. exd5 exd5 4. Bd3 Bd6 5. Nf3 Nf6 6. Qe2+ Qe7 7. Qxe7+ Bxe7 8. Bf4 c6 9. h3 O-O 10. Nbd2 Nbd7 11. O-O Re8 12. Rfe1 Nf8 13. Bh2 Be6 14. Re2 Rad8 15. Rae1 Bd6 16. Ne5 c5 17. dxc5 Bxc5 18. Nb3 Bb6 19. c3 a6 20. Nd4 Bxd4 21. cxd4 Bc8 22. Rc1 Ne6 23. Nf3 Bd7 24. Be5 Rc8 25. Rce1 Bb5 26. Bxb5 axb5 27. Bxf6 gxf6 28. Re3 b4 29. Nh4 Ra8 30. a3 bxa3 31. bxa3 Ra4 32. Nf5 Kf8 33. Rd3 Rea8 34. Rb1 Rxa3 35. Rxa3 Rxa3 36. Rxb7 Ra8 37. g4 Nf4 38. Kh2 Rd8 39. Nh6 Rd6 40. Rxf7+ Ke8 41. Rxh7 Re6 42. Nf5 Re2 43. Kg3 Nd3 44. f3 Re1 45. Ra7 Rg1+ 46. Kh2 Rf1 47. Kg2 Rf2+ 48. Kg3 Rf1 49. Ra3 Rg1+ 50. Kh2 Rd1 51. h4 Nf4 52. Re3+ Kf8 53. Kg3 Ng6 54. h5 Nh8 55. Re6 Kf7 56. Re7+ Kf8 57. Rd7 Nf7 58. h6 Rh1 59. Rxd5 Ng5 60. Kg2 Ra1 61. Rd8+ Kf7 62. Rd7+ Kg8 63. f4 Ra2+ 64. Kf1 Ne6 65. g5 fxg5 66. fxg5 Ra1+ 67. Kf2 Ra2+ 68. Kg3 Ra3+ 69. Kg4 Ra1 70. g6 Rg1+ 71. Ng3 Nf8 72. Rd8 Rg2 73. h7+ Kg7 74. Rxf8 Kxg6 75. h8=Q 1-0

[Event "World Prestigious University 2019"]
[Site "Tianjin"]
[Date "2019.11.27"]
[Round "5.18"]
[White "Serbanescu, Diana-Maria"]
[Black "Xiao, Yiyi"]
[Result "0-1"]
[WhiteElo "1990"]
[BlackElo "2306"]
[PlyCount "52"]
[EventDate "2019.11.26"]
[EventType "team-tourn"]
[EventCountry "CHN"]
[TimeControl "1500+10"]
[WhiteClock "0:03:54"]
[BlackClock "0:01:01"]

1. e4 c5 2. c3 Nf6 3. e5 Nd5 4. d4 e6 5. Nf3 cxd4 6. cxd4 d6 7. Nc3 Nxc3 8. bxc3 Nc6 9. Bd3 dxe5 10. dxe5 Qa5 11. O-O Nxe5 12. Nxe5 Qxe5 13. Re1 Qc7 14. Rb1 Bd7 15. Qf3 Bc6 16. Qh5 g6 17. Qg4 O-O-O 18. Bf1 Bd6 19. g3 h5 20. Qc4 h4 21. Bg2 hxg3 22. hxg3 Bxg3 23. fxg3 Qxg3 24. Qe2 Bxg2 25. Qxg2 Qxe1+ 26. Qf1 Qg3+ 0-1

[Event "World Prestigious University 2019"]
[Site "Tianjin"]
[Date "2019.11.27"]
[Round "6.1"]
[White "TannerAustin, McNamara"]
[Black "Wang, Yue"]
[Result "0-1"]
[WhiteElo "1983"]
[BlackElo "2674"]
[PlyCount "84"]
[EventDate "2019.11.26"]
[EventType "team-tourn"]
[EventCountry "CHN"]
[TimeControl "1500+10"]
[WhiteClock "0:05:09"]
[BlackClock "0:00:14"]

1. d4 d6 2. Nf3 g6 3. c4 Bg7 4. Nc3 e5 5. d5 f5 6. e4 Nf6 7. Bd3 Na6 8. Be3 O-O 9. Qe2 Qe8 10. O-O-O Nh5 11. g3 f4 12. gxf4 Nxf4 13. Bxf4 Rxf4 14. Rdg1 Bg4 15. Rxg4 Rxg4 16. Nxe5 Rf4 17. Ng4 Qf8 18. Nd1 Nc5 19. Bc2 Re8 20. e5 Bxe5 21. Nxe5 Rxe5 22. Qd2 Rxc4 23. h4 Rf4 24. h5 Rxh5 25. Rxh5 gxh5 26. Qc3 Qf6 27. Qh3 Qg5 28. Kb1 Qg4 29. Qe3 Re4 30. Qh6 Re7 31. Qf6 Qg7 32. Qf5 Qf7 33. Qg5+ Kh8 34. f4 Ne4 35. Qh4 Nf6 36. Nc3 Re8 37. a3 Rf8 38. Qg5 Qg7 39. Qf5 Qg4 40. Qe6 Qxe6 41. dxe6 h4 42. Bf5 Ng8 0-1

[Event "World Prestigious University 2019"]
[Site "Tianjin"]
[Date "2019.11.27"]
[Round "6.2"]
[White "Li, Yankai"]
[Black "Lei, Sean"]
[Result "1-0"]
[WhiteElo "2432"]
[BlackElo "1895"]
[PlyCount "69"]
[EventDate "2019.11.26"]
[EventType "team-tourn"]
[EventCountry "CHN"]
[TimeControl "1500+10"]
[WhiteClock "0:11:44"]
[BlackClock "0:13:18"]

1. e4 d6 2. d4 Nf6 3. Nc3 Nbd7 4. Nf3 e5 5. Bc4 Be7 6. a4 c6 7. O-O O-O 8. Re1 b6 9. Ba2 a6 10. Bg5 Rb8 11. dxe5 dxe5 12. Bxf6 Bxf6 13. Qd6 Bb7 14. Red1 Nc5 15. b4 Qc8 16. Nxe5 Ne6 17. Bxe6 fxe6 18. Ra3 Rd8 19. Nd7 Kf7 20. Qxb8 Rxd7 21. Qxc8 Bxc8 22. Rxd7+ Bxd7 23. Nd1 Be5 24. Ne3 Ke7 25. Nc4 Bc7 26. a5 b5 27. Nb6 Be8 28. Rd3 Kf6 29. Nd7+ Bxd7 30. Rxd7 Be5 31. Ra7 Bc3 32. Rxa6 Bxb4 33. Rxc6 Bxa5 34. Rc5 Bd2 35. Rxb5 1-0

[Event "World Prestigious University 2019"]
[Site "Tianjin"]
[Date "2019.11.27"]
[Round "6.3"]
[White "Zhou, Qiyu"]
[Black "Xiao, Yiyi"]
[Result "0-1"]
[WhiteElo "2216"]
[BlackElo "2306"]
[PlyCount "100"]
[EventDate "2019.11.26"]
[EventType "team-tourn"]
[EventCountry "CHN"]
[TimeControl "1500+10"]
[WhiteClock "0:00:38"]
[BlackClock "0:00:24"]

1. e4 e5 2. Nf3 Nc6 3. Bb5 Nf6 4. d3 Bc5 5. c3 O-O 6. O-O d6 7. h3 Bb6 8. Re1 Ne7 9. Nbd2 c6 10. Ba4 Ng6 11. Nf1 Nh5 12. d4 h6 13. Be3 Qf6 14. N1h2 Nhf4 15. Ng4 Qe7 16. Bc2 h5 17. Ngh2 Qf6 18. Qd2 Re8 19. Rad1 Be6 20. a4 Rad8 21. Kh1 Qe7 22. Qc1 Bc8 23. b3 Qf6 24. Qa1 Bc7 25. c4 Ba5 26. Bd2 Bxd2 27. Rxd2 exd4 28. Qxd4 Ne5 29. Re3 a5 30. Qb6 Qg6 31. Ne1 h4 32. Qxa5 Be6 33. Qc3 Bc8 34. a5 Re6 35. c5 Rde8 36. b4 Qh6 37. Nhf3 Nxf3 38. Rxf3 d5 39. Qe3 Rxe4 40. Bxe4 Rxe4 41. Rxf4 Rxe3 42. fxe3 g5 43. Rf1 Qe6 44. Rdf2 Qxe3 45. Rxf7 Be6 46. R7f3 Qe2 47. Kg1 d4 48. Nd3 Bd5 49. Nc1 Qd2 50. Rd3 Qxg2# 0-1

[Event "World Prestigious University 2019"]
[Site "Tianjin"]
[Date "2019.11.27"]
[Round "6.4"]
[White "Bibby, Simon"]
[Black "Green, Michael L"]
[Result "1-0"]
[WhiteElo "2167"]
[BlackElo "2073"]
[PlyCount "78"]
[EventDate "2019.11.26"]
[EventType "team-tourn"]
[EventCountry "CHN"]
[TimeControl "1500+10"]
[WhiteClock "0:00:11"]
[BlackClock "0:10:00"]

1. d4 Nf6 2. Bg5 c5 3. d5 d6 4. Bxf6 exf6 5. e4 g6 6. Bb5+ Nd7 7. a4 a6 8. Be2 Bg7 9. Nf3 O-O 10. O-O f5 11. exf5 Bxb2 12. Ra2 Bg7 13. fxg6 fxg6 14. Nbd2 Nf6 15. Re1 Nh5 16. g3 Bc3 17. Ra3 Qa5 18. Nc4 Qb4 19. Rb3 Bxe1 20. Rxb4 Bxb4 21. Nxd6 Bg4 22. Ng5 Bxe2 23. Qxe2 Ng7 24. Ne6 Nxe6 25. dxe6 c4 26. e7 Bxd6 27. exf8=Q+ Bxf8 28. Qxc4+ Kh8 29. Qd5 Rc8 30. c4 b6 31. Qd4+ Kg8 32. Qxb6 Rc5 33. Qxa6 Rf5 34. f4 Bc5+ 35. Kg2 Kf7 36. Qc6 Be7 37. h4 Rc5 38. Qa6 Bd8 39. Kf3 Ra5 1-0

[Event "World Prestigious University 2019"]
[Site "Tianjin"]
[Date "2019.11.27"]
[Round "6.5"]
[White "Zhong, Wei"]
[Black "Hirao, Satoshi"]
[Result "0-1"]
[WhiteElo "1804"]
[BlackElo "1958"]
[PlyCount "79"]
[EventDate "2019.11.26"]
[EventType "team-tourn"]
[EventCountry "CHN"]
[TimeControl "1500+10"]
[WhiteClock "0:00:51"]
[BlackClock "0:00:11"]

1. e4 e5 2. Nf3 Nc6 3. Bc4 Bc5 4. b4 Bxb4 5. c3 Ba5 6. d4 exd4 7. O-O Nf6 8. e5 d5 9. Bb5 Ne4 10. Qa4 Bxc3 11. Nxc3 Nxc3 12. Bxc6+ bxc6 13. Qxc6+ Bd7 14. Qc5 Ne2+ 15. Kh1 Nxc1 16. Raxc1 Qe7 17. Qxd5 c6 18. Rxc6 O-O 19. Rd6 Be6 20. Qxd4 Bxa2 21. Ra1 Be6 22. Rda6 Rfd8 23. Qe3 Rd7 24. h3 h6 25. Nd4 Bd5 26. Nf5 Qg5 27. Qxg5 hxg5 28. Kh2 Bc4 29. Rd6 Rxd6 30. exd6 Be6 31. Ne7+ Kf8 32. Nc6 a6 33. Rd1 Ke8 34. Kg3 f6 35. h4 gxh4+ 36. Kxh4 a5 37. Nd4 Bd7 38. g4 Ra6 39. Kh5 Rxd6 40. f3 0-1

[Event "World Prestigious University 2019"]
[Site "Tianjin"]
[Date "2019.11.27"]
[Round "6.6"]
[White "Balashov, Yuri S"]
[Black "Serbanescu, Diana-Maria"]
[Result "0-1"]
[WhiteElo "2465"]
[BlackElo "1990"]
[PlyCount "60"]
[EventDate "2019.11.26"]
[EventType "team-tourn"]
[EventCountry "CHN"]
[TimeControl "1500+10"]
[WhiteClock "0:05:17"]
[BlackClock "0:00:22"]

1. e4 d6 2. d4 Nf6 3. Nc3 e5 4. Nf3 Nbd7 5. g3 g6 6. Bg2 Bg7 7. O-O O-O 8. a4 h6 9. Re1 Kh7 10. b3 a6 11. Ba3 Re8 12. Qd2 Rb8 13. Rad1 b5 14. axb5 axb5 15. b4 exd4 16. Nxd4 Ne5 17. Qc1 Bd7 18. Bf1 Qc8 19. f3 c5 20. Ndxb5 Nxf3+ 21. Kf2 Bxb5 22. Kxf3 Bxf1 23. Rxf1 cxb4 24. Bxb4 Rxb4 25. Qa3 Rc4 26. Nb5 Qg4+ 27. Kg2 Rxc2+ 28. Rf2 Rxf2+ 29. Kxf2 Qxd1 30. Nxd6 Nxe4+ 0-1

[Event "World Prestigious University 2019"]
[Site "Tianjin"]
[Date "2019.11.27"]
[Round "6.7"]
[White "Li, Ethan"]
[Black "Kukhmazov, Arsen"]
[Result "0-1"]
[WhiteElo "2209"]
[BlackElo "2377"]
[PlyCount "128"]
[EventDate "2019.11.26"]
[EventType "team-tourn"]
[EventCountry "CHN"]
[TimeControl "1500+10"]
[WhiteClock "0:00:29"]
[BlackClock "0:00:46"]

1. d4 Nf6 2. c4 e6 3. Nf3 d5 4. g3 Bb4+ 5. Bd2 Be7 6. Bg2 O-O 7. O-O Nbd7 8. Qc2 c6 9. Rd1 b6 10. Bf4 Ba6 11. Nbd2 Nh5 12. Be3 Rc8 13. Ne5 Nhf6 14. Bf4 Nxe5 15. dxe5 Nd7 16. h4 f6 17. Bh3 f5 18. e4 g6 19. exf5 gxf5 20. Nf3 Qe8 21. Nd4 Bc5 22. b3 Bxd4 23. Rxd4 c5 24. Rdd1 d4 25. Bg2 Rc7 26. Bh6 Rf7 27. Bf3 Nxe5 28. Bh5 Ng6 29. Bf4 e5 30. Re1 Rce7 31. Bg5 Re6 32. Bf3 e4 33. Bg2 Bb7 34. a3 Ne5 35. b4 Nd3 36. Reb1 f4 37. bxc5 fxg3 38. fxg3 Rf2 39. Qd1 Rxg2+ 40. Kxg2 e3+ 41. Kh2 Qc6 42. Ra2 Nf2 43. Qf1 Qf3 44. Re1 Ng4+ 45. Kh3 Nf2+ 46. Kh2 bxc5 47. Rb2 Bc6 48. Rb8+ Kg7 49. Rc8 e2 50. Rc7+ Kg6 51. Qg1 Ng4+ 52. Kh3 Nf2+ 53. Kh2 d3 54. Bf4 h5 55. Bd2 Ng4+ 56. Kh3 Nf2+ 57. Kh2 Ne4 58. Qe3 Qxe3 59. Bxe3 Nf6 60. Bf4 Kf5 61. Rxa7 Ke4 62. Rf7 Kd4 63. Bc1 Kxc4 64. Kh3 Kc3 0-1

[Event "World Prestigious University 2019"]
[Site "Tianjin"]
[Date "2019.11.27"]
[Round "6.10"]
[White "Daniel, Karim Abbas"]
[Black "Weichao, Chu"]
[Result "1/2-1/2"]
[WhiteElo "2251"]
[BlackElo "2423"]
[PlyCount "95"]
[EventDate "2019.11.26"]
[EventType "team-tourn"]
[EventCountry "CHN"]
[TimeControl "1500+10"]
[WhiteClock "0:02:20"]
[BlackClock "0:00:39"]

1. e4 c5 2. Nf3 d6 3. Bb5+ Bd7 4. c4 Nc6 5. Nc3 g6 6. Bxc6 Bxc6 7. d4 cxd4 8. Nxd4 Bg7 9. O-O Rc8 10. Be3 Bd7 11. b3 Nf6 12. h3 O-O 13. Rc1 a6 14. Qd3 Qa5 15. a4 Rfe8 16. Nd5 Nxd5 17. exd5 e5 18. dxe6 fxe6 19. Nf3 Bc6 20. Nd4 d5 21. Nxc6 bxc6 22. Bd4 Bxd4 23. Qxd4 c5 24. Qe5 d4 25. Rcd1 Qc3 26. h4 Qc2 27. b4 Qxc4 28. bxc5 d3 29. Qe3 Red8 30. h5 Qd5 31. hxg6 hxg6 32. Rfe1 Kg7 33. Qxe6 Qxe6 34. Rxe6 Rxc5 35. Rxa6 d2 36. Kf1 Rh5 37. Re6 Rd4 38. Ke2 Ra5 39. Rxd2 Rxd2+ 40. Kxd2 Rxa4 41. Ke2 Ra3 42. Re3 Ra2+ 43. Kf3 Kf6 44. Rb3 Rc2 45. Kg3 Ra2 46. Rb6+ Kf7 47. f3 Rc2 48. Rb7+ 1/2-1/2

[Event "World Prestigious University 2019"]
[Site "Tianjin"]
[Date "2019.11.27"]
[Round "6.11"]
[White "Wei, Siyu"]
[Black "Mihov, Filip"]
[Result "0-1"]
[WhiteElo "2106"]
[BlackElo "2191"]
[PlyCount "84"]
[EventDate "2019.11.26"]
[EventType "team-tourn"]
[EventCountry "CHN"]
[TimeControl "1500+10"]
[WhiteClock "0:02:33"]
[BlackClock "0:00:44"]

1. d4 e6 2. Nf3 b6 3. e4 d5 4. e5 Ne7 5. Bd3 Ba6 6. Bxa6 Nxa6 7. Nc3 c5 8. Bg5 Qd7 9. O-O Nf5 10. Ne2 Be7 11. Bxe7 Nxe7 12. c3 O-O 13. Qd3 Nc7 14. Ng5 Ng6 15. f4 Qb5 16. Qd2 h6 17. Nf3 Ne7 18. Nh4 Nf5 19. Nxf5 exf5 20. h3 Ne6 21. g4 fxg4 22. hxg4 cxd4 23. cxd4 Rac8 24. f5 Ng5 25. Nc3 Qc4 26. Rac1 Rfd8 27. b3 Qb4 28. Ne4 Nf3+ 29. Rxf3 Qxd2 30. Nxd2 Rxc1+ 31. Nf1 Rdc8 32. Kg2 Rd1 33. Ne3 Rxd4 34. e6 fxe6 35. fxe6 Re8 36. Nf5 Rxg4+ 37. Kh3 Rg1 38. Re3 Rg6 39. Nd4 Kf8 40. Re5 Rg5 41. Re3 Ke7 42. Rc3 Kf6 0-1

[Event "World Prestigious University 2019"]
[Site "Tianjin"]
[Date "2019.11.27"]
[Round "6.13"]
[White "Grigory, Oparin"]
[Black "Isakov, Michael"]
[Result "1-0"]
[WhiteElo "2660"]
[BlackElo "2162"]
[PlyCount "63"]
[EventDate "2019.11.26"]
[EventType "team-tourn"]
[EventCountry "CHN"]
[TimeControl "1500+10"]
[WhiteClock "0:02:23"]
[BlackClock "0:04:26"]

1. g3 d5 2. Nf3 Nf6 3. Bg2 e6 4. O-O Be7 5. c4 O-O 6. b3 b6 7. cxd5 exd5 8. d4 Bb7 9. Bb2 Nbd7 10. Nc3 Re8 11. Ne5 Nf8 12. Rc1 c5 13. dxc5 bxc5 14. Na4 Qa5 15. Nd3 Ne6 16. Bxf6 gxf6 17. e3 Rac8 18. Qg4+ Kh8 19. Nf4 Nxf4 20. Qxf4 Qc7 21. Qh4 Qe5 22. Rfd1 Red8 23. Nc3 Bc6 24. Ne2 Rc7 25. Nf4 Ba8 26. Rd2 a5 27. Rcd1 Rcd7 28. Bh3 Rd6 29. Bg2 R6d7 30. Nd3 Qg5 31. Qxg5 fxg5 32. Ne5 1-0

[Event "World Prestigious University 2019"]
[Site "Tianjin"]
[Date "2019.11.27"]
[Round "6.14"]
[White "Lu, Andrew H"]
[Black "Dmitry, Gordievskiy"]
[Result "0-1"]
[WhiteElo "2071"]
[BlackElo "2590"]
[PlyCount "58"]
[EventDate "2019.11.26"]
[EventType "team-tourn"]
[EventCountry "CHN"]
[TimeControl "1500+10"]
[WhiteClock "0:05:24"]
[BlackClock "0:04:15"]

1. d4 Nf6 2. Nf3 b6 3. g3 Bb7 4. Bg2 g6 5. O-O Bg7 6. b3 O-O 7. Bb2 d6 8. c4 e6 9. Qc2 Nbd7 10. Nbd2 c5 11. Rad1 Qc7 12. Rfe1 a6 13. Qb1 b5 14. dxc5 Nxc5 15. e4 Nfxe4 16. Bxg7 Nxd2 17. Rxd2 Kxg7 18. Qb2+ e5 19. b4 Na4 20. Qb3 f6 21. cxb5 axb5 22. Red1 d5 23. Rc2 Qe7 24. Rdc1 Rf7 25. Bf1 d4 26. Bxb5 Nc3 27. Be2 Bd5 28. Bc4 Bxf3 29. Bxf7 Qxf7 0-1

[Event "World Prestigious University 2019"]
[Site "Tianjin"]
[Date "2019.11.27"]
[Round "6.15"]
[White "Wang, Nancy"]
[Black "Papanek, Ella"]
[Result "0-1"]
[WhiteElo "1823"]
[BlackElo "1777"]
[PlyCount "104"]
[EventDate "2019.11.26"]
[EventType "team-tourn"]
[EventCountry "CHN"]
[TimeControl "1500+10"]
[WhiteClock "0:00:49"]
[BlackClock "0:00:32"]

1. e4 c5 2. Nc3 e6 3. g3 Nc6 4. Bg2 a6 5. d3 b5 6. Be3 Bb7 7. Qd2 Nf6 8. e5 Ng4 9. Bg5 Qc7 10. f4 h6 11. h3 Ngxe5 12. Bh4 Ng6 13. Nf3 Nd4 14. O-O Nf5 15. Rae1 Ngxh4 16. Nxh4 Nxg3 17. Rf2 Be7 18. Nf3 Nf5 19. Rfe2 Rc8 20. Ne5 Bh4 21. Rd1 d5 22. Ng4 d4 23. Nd5 Bxd5 24. Bxd5 h5 25. Bxe6 fxe6 26. Rxe6+ Kf8 27. Nh2 Ne3 28. Rc1 Kg8 29. Re4 Rh6 30. Nf3 Rg6+ 31. Kh1 Bg3 32. Ne5 Rf6 33. Qe2 h4 34. Qh5 Bxf4 35. Ng6 Rxg6 36. Qxg6 Qf7 37. Rg1 Qxg6 38. Rxg6 Bh6 39. Rxh4 Kh7 40. Rxa6 Rf8 41. Rb6 Rf1+ 42. Kh2 Rf2+ 43. Kg1 Rg2+ 44. Kh1 b4 45. a4 bxa3 46. bxa3 Rxc2 47. a4 Ra2 48. Ra6 Nf5 49. Rg4 Be3 50. Rg2 Ra1+ 51. Kh2 Bf4+ 52. Rg3 Bxg3+ 0-1

[Event "World Prestigious University 2019"]
[Site "Tianjin"]
[Date "2019.11.27"]
[Round "6.16"]
[White "Fernandez, Daniel Howard"]
[Black "Theodorou, Nikolas"]
[Result "0-1"]
[WhiteElo "2444"]
[BlackElo "2555"]
[PlyCount "96"]
[EventDate "2019.11.26"]
[EventType "team-tourn"]
[EventCountry "CHN"]
[TimeControl "1500+10"]
[WhiteClock "0:03:07"]
[BlackClock "0:00:19"]

1. Nf3 Nf6 2. g3 g6 3. Bg2 Bg7 4. O-O O-O 5. d4 d6 6. c4 Nbd7 7. Nc3 e5 8. d5 a5 9. e4 Nc5 10. Qc2 Nh5 11. Bg5 f6 12. Be3 f5 13. exf5 gxf5 14. Rae1 b6 15. Ng5 e4 16. Bxc5 Qxg5 17. Be3 Qg6 18. Ne2 Bd7 19. Nf4 Nxf4 20. Bxf4 Rae8 21. b3 Rf7 22. Qd2 Bf6 23. f3 Rfe7 24. fxe4 fxe4 25. Be3 Bg4 26. Bd4 Bxd4+ 27. Qxd4 e3 28. Bf3 Bh3 29. Bg2 Bxg2 30. Kxg2 Re5 31. Re2 h5 32. Rf4 R8e7 33. Kf3 Kh7 34. a4 Qb1 35. Kg2 Qxb3 36. Rf3 Qxa4 37. Qd3+ Kg7 38. Qd4 Qe8 39. Rexe3 Qg6 40. Kg1 Kh7 41. Rxe5 Rxe5 42. Qf4 Re1+ 43. Kg2 Re7 44. Rf2 a4 45. Ra2 Rf7 46. Qd2 Qe4+ 47. Kg1 Qb1+ 48. Kg2 Qf1# 0-1

[Event "World Prestigious University 2019"]
[Site "Tianjin"]
[Date "2019.11.27"]
[Round "6.17"]
[White "Chandra, Akshat"]
[Black "Behar, Joshua"]
[Result "1-0"]
[WhiteElo "2524"]
[BlackElo "1974"]
[PlyCount "85"]
[EventDate "2019.11.26"]
[EventType "team-tourn"]
[EventCountry "CHN"]
[TimeControl "1500+10"]
[WhiteClock "0:01:08"]
[BlackClock "0:05:34"]

1. Nf3 Nf6 2. g3 b6 3. Bg2 Bb7 4. O-O e6 5. c4 Be7 6. d4 O-O 7. Nc3 d5 8. cxd5 Nxd5 9. Qc2 Bf6 10. e4 Nxc3 11. bxc3 g6 12. Bh6 Bg7 13. Bxg7 Kxg7 14. Rad1 Nd7 15. c4 Qe7 16. Rfe1 e5 17. c5 Qf6 18. cxb6 cxb6 19. Qc7 Qc6 20. Rc1 Qxc7 21. Rxc7 Bc8 22. d5 Re8 23. Bf1 a6 24. a4 Rb8 25. Rb1 Kf8 26. Bxa6 Bxa6 27. Rxd7 h6 28. Rc1 Rbc8 29. Rxc8 Bxc8 30. Rc7 Bg4 31. Nd2 Be2 32. f3 Bd1 33. Nc4 Bxf3 34. Nd6 Re7 35. Rc8+ Kg7 36. Ne8+ Rxe8 37. Rxe8 Bxe4 38. Rxe5 Bc2 39. a5 bxa5 40. d6 Ba4 41. Rxa5 Bc6 42. Re5 Kf6 43. Re7 1-0

[Event "World Prestigious University 2019"]
[Site "Tianjin"]
[Date "2019.11.28"]
[Round "7.1"]
[White "Theodorou, Nikolas"]
[Black "TannerAustin, McNamara"]
[Result "1-0"]
[WhiteElo "2555"]
[BlackElo "1983"]
[PlyCount "107"]
[EventDate "2019.11.26"]
[EventType "team-tourn"]
[EventCountry "CHN"]
[TimeControl "1500+10"]
[WhiteClock "0:01:06"]
[BlackClock "0:06:22"]

1. d4 d5 2. c4 c6 3. Nf3 Nf6 4. g3 e6 5. Bg2 Nbd7 6. O-O Be7 7. Qc2 O-O 8. Nbd2 b6 9. e4 Nxe4 10. Nxe4 dxe4 11. Qxe4 Bb7 12. Rd1 Nf6 13. Qe2 Qc8 14. Bf4 Re8 15. a3 c5 16. dxc5 Bxc5 17. b4 Bf8 18. Rac1 a5 19. c5 bxc5 20. bxc5 Nd5 21. Be5 Bc6 22. Qc2 h6 23. Nd4 a4 24. h4 Ra5 25. Bd6 Qd7 26. Qd2 Ra6 27. Qd3 Ra5 28. Bxf8 Rxf8 29. Nxc6 Qxc6 30. Bxd5 exd5 31. Qxd5 Rc8 32. Qxc6 Rxc6 33. Rd8+ Kh7 34. Rd5 Kg6 35. g4 Kf6 36. Rf5+ Ke7 37. Rc4 g6 38. Re5+ Kf6 39. f4 Rb5 40. g5+ hxg5 41. hxg5+ Kg7 42. Kf2 f6 43. Re7+ Kf8 44. Rce4 Rb8 45. R7e6 Rxc5 46. Rxf6+ Kg7 47. Re7+ Kh8 48. Rxg6 Rc3 49. Re3 Rb2+ 50. Kf3 Rxe3+ 51. Kxe3 Rb3+ 52. Ke4 Rxa3 53. Ra6 Ra1 54. Kf5 1-0

[Event "World Prestigious University 2019"]
[Site "Tianjin"]
[Date "2019.11.28"]
[Round "7.2"]
[White "Lei, Sean"]
[Black "Chandra, Akshat"]
[Result "0-1"]
[WhiteElo "1895"]
[BlackElo "2524"]
[PlyCount "84"]
[EventDate "2019.11.26"]
[EventType "team-tourn"]
[EventCountry "CHN"]
[TimeControl "1500+10"]
[WhiteClock "0:05:33"]
[BlackClock "0:00:32"]

1. e4 c5 2. Nf3 d6 3. c3 Nf6 4. Be2 Bd7 5. d3 Bc6 6. O-O Nbd7 7. Re1 g6 8. Bf1 Bg7 9. Nbd2 O-O 10. d4 e6 11. b3 b5 12. Bb2 a5 13. a3 Qb8 14. Qb1 Rc8 15. Bd3 a4 16. b4 Nb6 17. Nf1 cxb4 18. cxb4 d5 19. e5 Ne4 20. Ng3 Qb7 21. Bxe4 dxe4 22. Nxe4 Bxe4 23. Rxe4 Rc7 24. Re1 Rac8 25. Rc1 Bh6 26. Rxc7 Qxc7 27. Qd3 Qc2 28. Qxc2 Rxc2 29. Rb1 Nc4 30. Ba1 Nxa3 31. Rd1 Rc4 32. g3 Nc2 33. Kf1 a3 34. Ne1 Nxe1 35. Kxe1 Rc2 36. h4 Bf8 37. Kf1 Bxb4 38. Kg2 Bd2 39. Kf3 b4 40. Rb1 Rc1 41. Rxc1 Bxc1 42. Ke2 Bb2 0-1

[Event "World Prestigious University 2019"]
[Site "Tianjin"]
[Date "2019.11.28"]
[Round "7.3"]
[White "Derakhshani, Dorsa"]
[Black "Zhou, Qiyu"]
[Result "1/2-1/2"]
[WhiteElo "2277"]
[BlackElo "2216"]
[PlyCount "52"]
[EventDate "2019.11.26"]
[EventType "team-tourn"]
[EventCountry "CHN"]
[TimeControl "1500+10"]
[WhiteClock "0:20:21"]
[BlackClock "0:15:24"]

1. e4 e5 2. Nf3 Nc6 3. Nc3 Nf6 4. d4 exd4 5. Nxd4 Bb4 6. Nxc6 bxc6 7. Bd3 d5 8. exd5 cxd5 9. O-O O-O 10. Bg5 c6 11. Qf3 Bd6 12. Rae1 Rb8 13. Nd1 h6 14. Bxf6 Qxf6 15. Qxf6 gxf6 16. b3 d4 17. Re4 c5 18. Rh4 Kg7 19. f4 Re8 20. Nf2 f5 21. Nh1 Re3 22. Ng3 Kg6 23. Rg4+ Kf6 24. Rh4 Kg6 25. Rg4+ Kf6 26. Rh4 Kg6 1/2-1/2

[Event "World Prestigious University 2019"]
[Site "Tianjin"]
[Date "2019.11.28"]
[Round "7.4"]
[White "Isakov, Michael"]
[Black "Fernandez, Daniel Howard"]
[Result "1-0"]
[WhiteElo "2162"]
[BlackElo "2444"]
[PlyCount "63"]
[EventDate "2019.11.26"]
[EventType "team-tourn"]
[EventCountry "CHN"]
[TimeControl "1500+10"]
[WhiteClock "0:01:38"]
[BlackClock "0:11:43"]

1. d4 Nf6 2. Nf3 g6 3. c4 Bg7 4. Nc3 d6 5. e4 O-O 6. Be2 e5 7. dxe5 dxe5 8. O-O Nbd7 9. Qc2 c6 10. Rd1 Qc7 11. h3 Nc5 12. Be3 Ne6 13. b4 Nf4 14. Bf1 h6 15. Bc5 Re8 16. Bd6 Nxh3+ 17. gxh3 Qb6 18. Rd2 a5 19. b5 Bd7 20. Rad1 Rad8 21. Na4 Qa7 22. Bc7 Rc8 23. b6 Qa8 24. Rxd7 Nxd7 25. Rxd7 Re6 26. Nc5 Ree8 27. Nd3 a4 28. Qd2 f6 29. c5 a3 30. Qb4 Rxc7 31. bxc7 Qc8 32. Qc4+ 1-0

[Event "World Prestigious University 2019"]
[Site "Tianjin"]
[Date "2019.11.28"]
[Round "7.5"]
[White "Behar, Joshua"]
[Black "Lu, Andrew H"]
[Result "1/2-1/2"]
[WhiteElo "1974"]
[BlackElo "2071"]
[PlyCount "72"]
[EventDate "2019.11.26"]
[EventType "team-tourn"]
[EventCountry "CHN"]
[TimeControl "1500+10"]
[WhiteClock "0:01:06"]
[BlackClock "0:00:41"]

1. e4 c5 2. Nf3 d6 3. c3 Nf6 4. h3 Bd7 5. Bd3 g6 6. O-O Bg7 7. Bc2 O-O 8. d4 Bc6 9. Re1 b6 10. b3 Nbd7 11. Bb2 Qc7 12. Nbd2 e5 13. Rc1 Nh5 14. g3 Rae8 15. Bd3 d5 16. exd5 Bxd5 17. dxe5 Nxe5 18. Nxe5 Rxe5 19. Rxe5 Bxe5 20. Be4 Be6 21. Bg2 Qd7 22. Nf3 Bf6 23. Qxd7 Bxd7 24. Nd2 Re8 25. Ne4 Bg7 26. Nd6 Re2 27. Rb1 Be6 28. Bf3 Rc2 29. Bd1 Rd2 30. Ne4 Rd8 31. Bxh5 gxh5 32. c4 Bf5 33. Bxg7 Kxg7 34. Re1 Bxe4 35. Rxe4 Rd2 36. a4 Rb2 1/2-1/2

[Event "World Prestigious University 2019"]
[Site "Tianjin"]
[Date "2019.11.28"]
[Round "7.7"]
[White "Weichao, Chu"]
[Black "Grigory, Oparin"]
[Result "0-1"]
[WhiteElo "2423"]
[BlackElo "2660"]
[PlyCount "78"]
[EventDate "2019.11.26"]
[EventType "team-tourn"]
[EventCountry "CHN"]
[TimeControl "1500+10"]
[WhiteClock "0:04:30"]
[BlackClock "0:00:28"]

1. d4 Nf6 2. c4 e6 3. Nf3 Bb4+ 4. Nbd2 O-O 5. a3 Be7 6. e4 d6 7. Be2 Nfd7 8. O-O e5 9. Nb1 exd4 10. Nxd4 Nc6 11. Be3 Bf6 12. Nc3 Re8 13. f3 Be5 14. Nd5 Nxd4 15. Bxd4 c6 16. Nc3 Nc5 17. Bxe5 dxe5 18. b4 Ne6 19. c5 Qg5 20. Qe1 Nd4 21. Rc1 a5 22. Bc4 axb4 23. axb4 Ra3 24. Kh1 Be6 25. Bxe6 fxe6 26. Qg3 Qxg3 27. hxg3 Rb3 28. Kh2 Ra8 29. f4 Raa3 30. Nb1 Ra2 31. Nc3 Rd2 32. Nd1 Ne2 33. Rf2 Nxg3 34. Rxd2 Nf1+ 35. Kg1 Nxd2 36. fxe5 Rxb4 37. Nf2 Nxe4 38. Nd3 Rd4 39. Nf4 Nxc5 0-1

[Event "World Prestigious University 2019"]
[Site "Tianjin"]
[Date "2019.11.28"]
[Round "7.8"]
[White "Dmitry, Gordievskiy"]
[Black "Wei, Siyu"]
[Result "1-0"]
[WhiteElo "2590"]
[BlackElo "2106"]
[PlyCount "95"]
[EventDate "2019.11.26"]
[EventType "team-tourn"]
[EventCountry "CHN"]
[TimeControl "1500+10"]
[WhiteClock "0:00:47"]
[BlackClock "0:00:49"]

1. Nf3 Nf6 2. c4 c5 3. Nc3 Nc6 4. d4 cxd4 5. Nxd4 d6 6. e4 g6 7. Be2 Bg7 8. Be3 O-O 9. O-O Bd7 10. Qd2 Rc8 11. f3 a6 12. Rfc1 Nxd4 13. Bxd4 Be6 14. b3 Nd7 15. Bxg7 Kxg7 16. Rc2 Qb6+ 17. Kh1 Rc7 18. f4 Nf6 19. Bf3 Qa5 20. Qd4 Qc5 21. Qxc5 Rxc5 22. a4 a5 23. Re1 b6 24. Rd2 Rfc8 25. Nb5 h5 26. h3 Nd7 27. Nd4 Nf8 28. Kg1 Bd7 29. e5 dxe5 30. fxe5 R8c7 31. Bd5 Ne6 32. Bxe6 Bxe6 33. Nxe6+ fxe6 34. h4 Rc8 35. Rd7 R5c7 36. Red1 Kf7 37. Kf2 Ke8 38. Rxc7 Rxc7 39. Ke3 Kf7 40. Rd8 Rc5 41. Kd4 g5 42. hxg5 Kg6 43. Rg8+ Kf5 44. g6 Rc7 45. g7 Rd7+ 46. Ke3 Kg6 47. Rb8 Kxg7 48. Rxb6 1-0